 Dungeon Crawl Stone Soup version 0.30.0-18-gc0e69614cb (webtiles) character file.

Game seed: 1734839441793352590

287 Inner the Poker (level 6, 0/57 HPs)
             Began as a Naga Berserker on May 23, 2023.
             Was a Believer of Trog.
             Slain by an orc
             ... wielding a +0 whip
              (3 damage)
             ... on level 4 of the Dungeon.
             The game lasted 00:07:39 (3225 turns).

Inner the Poker (Naga Berserker)                    Turns: 3225, Time: 00:07:40

Health: 0/57       AC:  3    Str: 20    XL:     6   Next: 30%
Magic:  15/15      EV: 10    Int:  7    God:    Trog [**....]
Gold:   193        SH:  0    Dex: 12    Spells: 5/5 levels left

rFire   . . .        f - +0 spear (flame)
rCold   . . .        (no shield)
rNeg    . . .        b - +0 animal skin
rPois   +            (no helmet)
rElec   .            (no cloak)
rCorr   .            (no gloves)
SInv    +            (no barding)
Will    .....        (no amulet)
Stlth   ++           e - ring of magical power
HPRegen 0.29/turn    (no ring)
MPRegen 0.14/turn

%: no passive effects
@: short of breath, on berserk cooldown, slowed, very slow
A: AC +2, large, see invisible, deformed body, poison resistance, slowness 2,
spit poison 1, naga tail 1
a: Spit Poison, Renounce Religion, Berserk, Trog's Hand


You were on level 4 of the Dungeon.
You worshipped Trog.
Trog was pleased with you.
You visited 1 branch of the dungeon, and saw 4 of its levels.

You collected 193 gold pieces.

Inventory:

Hand Weapons
 a - a +0 spear
 f - a +0 spear of flaming (weapon)
 m - the +10 hand axe of Moderation {vamp, rN++ Str-2 Int+3}
   (You found it on level 2 of the Dungeon)

   Str:       It affects your strength (-2).
   Int:       It affects your intelligence (+3).
   rN:        It greatly protects you from negative energy.
Missiles
 l - a throwing net
Armour
 b - a +0 animal skin (worn)
Jewellery
 e - a ring of magical power (left hand)
Scrolls
 h - a scroll of teleportation
 n - a scroll of identify
 p - a scroll of immolation {unknown}
Potions
 c - a potion of curing
 d - a potion of attraction
 g - a potion of cancellation {unknown}
 i - a potion of brilliance {unknown}
 j - 2 potions of flight
 k - a potion of mutation {unknown}
 o - a potion of heal wounds {unknown}


   Skills:
 + Level 4.1 Fighting
 + Level 4.9 Polearms
 + Level 1.8 Armour
 + Level 2.4 Dodging
 + Level 3.9 Stealth


You had 5 spell levels left.
You didn't know any spells.
Your spell library was empty.

Dungeon Overview and Level Annotations

Branches:
Dungeon (4/15)
 Temple: D:4-7

Altars:
Fedhas
Gozag
Kikubaaqudgha
The Shining One


Innate Abilities, Weirdness & Mutations

Your serpentine skin is tough. (AC +2)
You have supernaturally acute eyesight. (SInv)
Armour fits poorly on your strangely shaped body.
Your system is resistant to poisons. (rPois)
You cover ground very slowly.
You can spit poison.
You have a snake-like lower body.


Message History

An orc comes into view. It is wielding a +0 falchion.
Your skin stops crawling.
You feel less strong-willed. The orc misses you.
The orc hits you with a +0 falchion.
Items here: )))) [[ ††††.
The orc shouts!
You hit the orc but do no damage. The orc barely misses you.
You hit the orc but do no damage. The orc hits you with a +0 falchion!
The orc barely misses you.
You hit the orc. You burn the orc.
The orc is severely wounded.
The orc hits you with a +0 whip. The orc closely misses you.
You completely miss the orc. Your punch misses the orc.
The orc is severely wounded.
The orc closely misses you. The orc hits you but does no damage.
You barely miss the orc.
The orc is severely wounded.
The orc hits you with a +0 whip. The orc misses you.
You hit the orc but do no damage.
The orc is severely wounded.
The orc closely misses you. The orc hits you with a +0 falchion.
You closely miss the orc.
The orc is severely wounded.
The orc completely misses you. The orc hits you with a +0 falchion.
* * * LOW HITPOINT WARNING * * *
The orc completely misses you. The orc hits you with a +0 falchion.
* * * LOW HITPOINT WARNING * * *
You hit the orc. You burn the orc.
The orc is severely wounded.
The orc barely misses you. The orc hits you with a +0 falchion.
* * * LOW HITPOINT WARNING * * *
Aiming: Spit Poison (1% risk of failure)
Press: ? - help, Q - select action, (/) - cycle Shift-Dir - straight line, f - orc
Aim: an orc, wielding a +0 falchion and wearing a +0 leather armour (severely wounded, 59% to hit)
The splash of poison hits the orc!
You kill the orc!
Trog accepts your kill. The orc hits you with a +0 whip.
* * * LOW HITPOINT WARNING * * *
The orc hits you with a +0 whip.
You die...

#....#.....#.#
#....'.._..#.#
#.#..#.....#.# ######
#.##.#.....#.# #....#
#.##.#######.#
#....####.##.........#
....(.....#########..#
#....##############.####.#
...............)@o).......o
#....######.....########.##
#....### #..... .......#
#....# ........ #.[..
........# ##### ........#
........ ######.#


You could see an orc.

Vanquished Creatures
  4 orc priests (D:4)
  A gnoll bouda (D:3)
  6 gnolls
  2 adders (D:4)
  A worm (D:2)
  5 orcs
  7 ball pythons
  6 endoplasms
  4 giant cockroaches
  3 goblins
  6 hobgoblins
  4 quokkas
  2 bats
  4 frilled lizards
  3 kobolds
  5 rats
63 creatures vanquished.

Notes
Turn   | Place    | Note
-------+----------+-------------------------------------------
     0 | D:1      | Inner the Naga Berserker began the quest for the Orb.
     0 | D:1      | Reached XP level 1. HP: 21/21 MP: 1/1
   258 | D:1      | Reached XP level 2. HP: 28/28 MP: 2/2
   964 | D:2      | Reached XP level 3. HP: 32/34 MP: 3/3
  1097 | D:2      | Reached skill level 1 in Stealth
  1119 | D:2      | Reached XP level 4. HP: 3/42 MP: 4/4
  1351 | D:2      | Reached ** piety under Trog
  1703 | D:2      | Identified the +10 hand axe of Moderation {vamp, rN++ Str-2
                  | Int+3}
  2191 | D:3      | Reached XP level 5. HP: 8/50 MP: 5/5
  2716 | D:3      | Found a glowing golden altar of the Shining One.
  2967 | D:4      | Found an ancient bone altar of Kikubaaqudgha.
  2971 | D:4      | Found a blossoming altar of Fedhas.
  3145 | D:4      | Found an opulent altar of Gozag.
  3198 | D:4      | Reached XP level 6. HP: 48/57 MP: 6/6
  3225 | D:4      | Slain by an orc

Illustrated notes

Levels and vault maps discovered:
D:1:      giann_horns, layout_basic, minmay_statues_item
D:2:      layout_loops_corners
D:3:      layout_rooms, mainiacjoe_overflow_alcove_1,
          chequers_serial_rivers_micro_a
D:4:      layout_basic, grunt_temple_overflow_growth_and_decay,
          amcnicky_altar_gilded, nicolae_overflow_hidden_temple,
          kennysheep_boxes

Skill      XL: |  1  2  3  4  5 |
---------------+----------------+-----
Stealth        | 1 2 3 |  3.9
Polearms       | 4 |  4.9
Dodging        | 2 |  2.4
Fighting       | 4 |  4.1
Armour         | |  1.8

Action                     |  1- 3 |  4- 6 || total
---------------------------+-------+-------++-------
  Melee: Spear             |    74 |   120 ||   194
         Punch             |       |     1 ||     1
 Invoke: Berserk           |       |     2 ||     2
         Trog's Hand       |       |     2 ||     2
Ability: Spit Poison       |     4 |     5 ||     9
    Use: Scroll            |     3 |     6 ||     9
         Potion            |       |     1 ||     1
   Stab: Sleeping          |     3 |     4 ||     7
 Armour: Animal skin       |     5 |    11 ||    16
  Dodge: Dodged            |    27 |    56 ||    83
